 Dungeon Crawl Stone Soup version 0.20.0-4-g10b340a (webtiles) character file.

9029 Monsterracer the Grappler (level 11, 0/97 HPs)
             Began as a Naga Transmuter on May 27, 2017.
             Was a High Priest of Cheibriados.
             Slain by Snorg (20 damage)
             ... on level 10 of the Dungeon.
             The game lasted 00:39:14 (11098 turns).

Monsterracer the Grappler (Naga Transmuter)        Turns: 11098, Time: 00:39:15

Health: 0/97       AC: 19    Str: 32    XL:     11   Next: 40%
Magic:  11/15      EV: 12    Int: 31    God:    Cheibriados [*****.]
Gold:   486        SH:  4    Dex: 25    Spells: 0/14 levels left

rFire    . . .     SeeInvis +     - Unarmed
rCold    . . .     Gourm    +   (shield currently unavailable)
rNeg     + + .     Faith    .   m - +1 pearl dragon scales
rPois    +         Spirit   .   (helmet restricted)
rElec    .         Reflect  .   f - +2 cloak
rCorr    .         Harm     .   (gloves currently unavailable)
MR       +....                  (no barding)
Stlth    ..........             x - amulet of the gourmand
Regen    0.3/turn               l - ring of positive energy
MPRegen  0.2/turn               v - +6 ring of protection

@: mighty, blade hands (expiring), very slow
A: fangs 1, horns 1, large bone plates 1, see invisible, deformed body, poison
resistance, slowness 2, slow metabolism 1, spit poison 1, AC +3
a: Spit Poison, End Transformation, Bend Time, Temporal Distortion, Slouch, Step
From Time, Renounce Religion


You were on level 10 of the Dungeon.
You worshipped Cheibriados.
Cheibriados was extremely pleased with you.
You were completely stuffed.
You had blades for hands.
You visited 2 branches of the dungeon, and saw 11 of its levels.
You also visited: Ossuary.

You collected 486 gold pieces.

Inventory:

Missiles
 a - 103 arrows
 C - 9 tomahawks (quivered)
Armour
 f - a +2 cloak (worn)
 m - +1 pearl dragon scales (worn)
 o - a cursed +0 helmet
Jewellery
 l - a ring of positive energy (left scythe-like blade)
 n - an uncursed ring of ice
 v - a +6 ring of protection (right scythe-like blade)
 w - an uncursed ring of fire
 x - an amulet of the gourmand (around neck)
Wands
 e - a wand of confusion (16/48)
 s - a wand of flame (25/48)
 H - a wand of iceblast (6/15)
Scrolls
 g - a scroll of fear
 r - a scroll of identify
 t - a scroll of remove curse
 y - 2 scrolls of recharging
 F - 2 scrolls of teleportation
Potions
 k - a potion of agility
 p - 2 potions of mutation
 u - a potion of brilliance
 z - 2 potions of resistance
 A - 2 potions of curing
 D - a potion of cancellation
 E - a potion of magic
 I - 2 potions of might
Books
 j - a book of Flames

   Spells                             Type                      Level
   a - Flame Tongue                   Conjuration/Fire             1
   b - Throw Flame                    Conjuration/Fire             2
   c - Conjure Flame                  Conjuration/Fire             3
   d - Inner Flame                    Hexes/Fire                   3
   e - Sticky Flame                   Conjuration/Fire             4
   f - Fireball                       Conjuration/Fire             5
 q - a book of Misfortune

   Spells                             Type                      Level
   a - Confusing Touch                Hexes                        1
   b - Confuse                        Hexes                        3
   c - Gell's Gravitas                Translocation                3
   d - Petrify                        Transmutation/Earth          4
   e - Metabolic Englaciation         Hexes/Ice                    5
   f - Yara's Violent Unravelling     Hexes/Transmutation          5
Comestibles
 b - a chunk of flesh
 d - 7 bread rations
 h - 2 royal jellies
 i - 5 meat rations
 B - 3 fruits


   Skills:
 + Level 6.2 Fighting
 + Level 3.6 Throwing
 + Level 2.4 Armour
 + Level 5.4 Dodging
 * Level 10.6 Unarmed Combat
 - Level 2.0 Spellcasting
 + Level 8.3 Transmutations
 - Level 2.0 Poison Magic
 + Level 5.7 Invocations


You couldn't memorise any spells.
You knew the following spells:

 Your Spells              Type           Power        Failure   Level  Hunger
a - Sticks to Snakes      Tmut           ######..     14%         2    ##.....
b - Spider Form           Tmut/Pois      #####.....   36%         3    ###....
c - Blade Hands           Tmut           ######....   56%         5    ######.
d - Ice Form              Ice/Tmut       ####....     73%         4    ####...


Dungeon Overview and Level Annotations

Branches:
Dungeon (10/15)            Temple (1/1) D:5
   Lair: D:8-11         Orc: D:9-12

Altars:
Ashenzari
Cheibriados
Dithmenos
Elyvilon
Fedhas
Gozag
Hepliaklqana
Kikubaaqudgha
Makhleb
Nemelex Xobeh
Okawaru
Qazlal
Ru
Sif Muna
Trog
Uskayaw
Vehumet
Xom
Yredelemnul
Zin
The Shining One

Shops:
D:4 =   D:5 }   D:6 }

Annotations:
D:4 ThereIsNoGod's ghost, amateur MiGl
D:6 1 exclusion
D:10 Snorg


Innate Abilities, Weirdness & Mutations

You cannot wear boots.
Your serpentine skin is tough. (AC +3)
You have supernaturally acute eyesight. (SInv)
Armour fits poorly on your strangely shaped body.
Your system is resistant to poisons. (rPois)
You cover ground very slowly.
You have a slow metabolism.
You can spit poison.
You have very sharp teeth.
You have a pair of small horns on your head.
You are partially covered in large bone plates. (SH +4)


Message History

You hit Snorg. You headbutt Snorg.
Snorg is moderately wounded.
Snorg bites you! Snorg claws you! x2
* * * LOW HITPOINT WARNING * * *
Okay, then.
You feel much better. Snorg barely misses you. Snorg closely misses you.
Snorg barely misses you. Snorg bites you but does no damage.
Snorg barely misses you. Snorg claws you but does no damage.
You feel very mighty all of a sudden. Snorg bites you but does no damage.
You block Snorg's attack. Snorg claws you!
* * * LOW HITPOINT WARNING * * *
Unknown command.
Your pearl dragon scales prevents you from hitting Snorg.
You headbutt Snorg! Your slash misses Snorg. You bite Snorg!
Snorg is heavily wounded.
Snorg closely misses you. x2; Snorg claws you but does no damage.
You slice Snorg!! You headbutt Snorg! You bite Snorg!
Snorg is almost dead.
Snorg bites you!!
You die...

#...# #...# #...# #
#...# .# #...# .#
#<..# ..#
#รท..###..#
##.#####........###.
............@T......
...........###......
##..#####..# ..###
#. #..# .# #..# #
#..# #..# #..# #..#


You could see Snorg (berserk).

Vanquished Creatures
  2 two-headed ogres
  A deep elf mage (D:7)
  The ghost of nikopol the Shield-Bearer, a novice GrFi (D:5)
  Maurice (D:8)
  A gargoyle (D:7)
  A hornet (D:9)
  4 yaks (D:9)
  Eustachio (D:4)
  2 hungry ghosts
  5 ice beasts
  2 black bears
  6 ogres
  3 necrophages
  A phantom (D:6)
  5 centaurs
  2 big kobolds
  7 bullfrogs
  2 wyvern zombies
  6 water moccasin zombies
  2 scorpions
  3 killer bees (D:7)
  3 wights (D:8)
  2 howler monkeys
  6 crimson imps
  A quasit (D:9)
  5 hounds
  A centaur skeleton (D:4)
  A bullfrog skeleton (D:8)
  5 orc priests
  3 jellies
  3 iguanas
  Jessica (D:3)
  Natasha (twice) (D:3)
  9 orc wizards
  Ijyb (D:3)
  9 worker ants
  4 big kobold zombies (Ossuary)
  A hound skeleton (D:9)
  3 mummies
  Robin (D:3)
  14 gnolls
  2 worker ant zombies
  12 adders
  3 shadow imps
  5 adder zombies
  4 worms
  A dart slug (D:1)
  4 leopard geckos
  20 orcs
  2 ball pythons
  7 giant cockroaches
  2 gnoll zombies (Ossuary)
  8 hobgoblins
  20 jackals
  5 quokkas
  8 bats
  4 frilled lizards
  15 goblins
  2 goblin skeletons (D:9)
  4 hobgoblin zombies
  17 kobolds
  A kobold skeleton (D:9)
  6 kobold zombies (Ossuary)
  A leopard gecko skeleton (D:5)
  A leopard gecko zombie (D:5)
  9 orc zombies
  A quokka zombie (D:7)
  7 rats
304 creatures vanquished.

Notes
Turn   | Place    | Note
-------+----------+-------------------------------------------
     0 | D:1      | Monsterracer the Naga Transmuter began the quest for the Orb.
     0 | D:1      | Reached XP level 1. HP: 18/18 MP: 3/3
   426 | D:1      | Reached XP level 2. HP: 25/25 MP: 5/5
   496 | D:1      | Learned a level 2 spell: Sticks to Snakes
   860 | D:1      | Reached skill level 4 in Unarmed Combat
   875 | D:1      | Reached XP level 3. HP: 24/31 MP: 4/6
   883 | D:1      | Learned a level 3 spell: Spider Form
  1220 | D:1      | Reached skill level 1 in Poison Magic
  1490 | D:1      | Reached XP level 4. HP: 30/38 MP: 4/7
  2009 | D:2      | Found an iron altar of Okawaru.
  2031 | D:2      | Reached skill level 5 in Unarmed Combat
  2243 | D:2      | Found a shattered altar of Ashenzari.
  2453 | D:2      | Reached XP level 5. HP: 44/44 MP: 8/8
  2865 | D:3      | Noticed Jessica
  2866 | D:3      | Gained mutation: You have very sharp teeth. [potion of mutation]
  2866 | D:3      | Gained mutation: You are partially covered in large bone plates. (SH +4) [potion of mutation]
  2866 | D:3      | Gained mutation: You have a pair of small horns on your head. [potion of mutation]
  2872 | D:3      | Killed Jessica
  2942 | D:3      | Reached XP level 6. HP: 24/51 MP: 5/9
  3116 | D:3      | Reached skill level 6 in Unarmed Combat
  3158 | D:3      | Noticed Natasha
  3163 | D:3      | Killed Natasha
  3334 | D:3      | Noticed Robin
  3353 | D:3      | Killed Robin
  3381 | D:3      | Noticed Natasha
  3390 | D:3      | Killed Natasha
  3551 | D:3      | Noticed Ijyb
  3552 | D:3      | Paralysed by Ijyb for 2 turns
  3559 | D:3      | Killed Ijyb
  3915 | D:4      | Reached XP level 7. HP: 36/57 MP: 10/10
  4357 | D:4      | Noticed ThereIsNoGod's ghost (amateur MiGl)
  4499 | D:4      | Found Jukhlokh's Jewellery Boutique.
  4572 | D:4      | Found an iron altar of Okawaru.
  4586 | D:4      | Reached skill level 7 in Unarmed Combat
  4601 | D:4      | Noticed Eustachio
  4608 | D:4      | Killed Eustachio
  4655 | D:4      | Found a deep blue altar of Sif Muna.
  4827 | D:5      | Entered Level 5 of the Dungeon
  4903 | D:5      | Reached XP level 8. HP: 67/67 MP: 11/11
  5010 | D:5      | Noticed nikopol's ghost (novice GrFi)
  5234 | D:5      | Learned a level 5 spell: Blade Hands
  5281 | D:5      | Found a staircase to the Ecumenical Temple.
  5290 | Temple   | Entered the Ecumenical Temple
  5331 | Temple   | Became a worshipper of Cheibriados the Contemplative
  5714 | D:6      | Reached skill level 5 in Transmutations
  5716 | D:6      | Reached * piety under Cheibriados
  5934 | D:6      | Reached skill level 1 in Invocations
  6036 | D:6      | Found a sand-covered staircase.
  6067 | Ossuary  | Entered an ossuary
  6148 | Ossuary  | Reached skill level 8 in Unarmed Combat
  6248 | Ossuary  | Reached XP level 9. HP: 69/77 MP: 12/12
  6322 | Ossuary  | Reached ** piety under Cheibriados
  6553 | D:6      | Found Ehoader's Gadget Boutique.
  7383 | D:5      | Found a blossoming altar of Fedhas.
  7383 | D:5      | Found a glowing silver altar of Zin.
  7467 | D:5      | Killed nikopol's ghost
  7585 | D:5      | Found Oduugradd's Gadget Shop.
  7650 | D:5      | Reached *** piety under Cheibriados
  8057 | D:7      | Reached skill level 9 in Unarmed Combat
  8364 | D:7      | Reached XP level 10. HP: 84/84 MP: 13/13
  8430 | D:7      | Reached **** piety under Cheibriados
  8435 | D:7      | Reached skill level 5 in Fighting
  8495 | D:7      | Noticed a gargoyle
  8498 | D:7      | Killed a gargoyle
  8617 | D:7      | Found a hazy altar of Hepliaklqana.
  8712 | D:7      | Noticed a deep elf mage
  8728 | D:7      | Killed a deep elf mage
  8728 | D:7      | Reached skill level 1 in Throwing
  9109 | D:8      | Noticed a two-headed ogre
  9116 | D:8      | Killed a two-headed ogre
  9116 | D:8      | Reached skill level 1 in Armour
  9335 | D:8      | Reached skill level 10 in Unarmed Combat
  9643 | D:8      | Noticed Maurice
  9653 | D:8      | Killed Maurice
  9653 | D:8      | Reached skill level 5 in Dodging
  9653 | D:8      | Reached skill level 5 in Invocations
  9656 | D:8      | Reached ***** piety under Cheibriados
  9662 | D:8      | Found a sacrificial altar of Ru.
  9767 | D:8      | Found a basalt altar of Yredelemnul.
  9767 | D:8      | Found a bloodstained altar of Trog.
  9780 | D:8      | Found a shadowy altar of Dithmenos.
  9784 | D:8      | Found a stormy altar of Qazlal.
  9972 | D:8      | Found a sparkling altar of Nemelex Xobeh.
 10166 | D:9      | Reached XP level 11. HP: 94/94 MP: 8/14
 10271 | D:9      | Found a glowing golden altar of the Shining One.
 10415 | D:9      | Noticed a two-headed ogre
 10422 | D:9      | Killed a two-headed ogre
 10519 | D:9      | Learned a level 4 spell: Ice Form
 11071 | D:10     | Entered Level 10 of the Dungeon
 11089 | D:10     | Noticed Snorg
 11098 | D:10     | Slain by Snorg

Skill      XL: |  1  2  3  4  5  6  7  8  9 10 11 |
---------------+----------------------------------+-----
Unarmed Combat | 4 5 6 7 8 9 10 | 10.6
Poison Magic   | 1 2 |  2.0
Transmutations | 3 4 5 7 8 |  8.3
Dodging        | 2 3 4 5 |  5.4
Fighting       | 2 3 4 5 6 |  6.2
Invocations    | 1 3 5 |  5.7
Throwing       | 2 3 |  3.6
Armour         | 1 2 |  2.4
Spellcasting   | |  2.0

Action                   |  1- 3 |  4- 6 |  7- 9 | 10-12 || total
-------------------------+-------+-------+-------+-------++-------
Melee: Unarmed           |    72 |   169 |   398 |   285 ||   924
       Headbutt          |     5 |     3 |    72 |    65 ||   145
       Bite              |       |     4 |    44 |    46 ||    94
       Punch             |       |       |    15 |    26 ||    41
Throw: Tomahawk          |       |       |       |     3 ||     3
 Cast: Beastly Appendage |    15 |     5 |       |       ||    20
       Spider Form       |     2 |    10 |    13 |     4 ||    29
       Sticks to Snakes  |     1 |     1 |     2 |       ||     4
       Blade Hands       |       |       |     1 |     9 ||    10
       Ice Form          |       |       |       |     1 ||     1
Invok: Bend Time         |       |       |     1 |       ||     1
 Abil: Spit Poison       |    13 |    19 |    22 |    11 ||    65
       Evoke Berserk Rag |       |       |     1 |       ||     1
       End Transformatio |       |       |     2 |       ||     2
  Use: Potion            |       |     2 |    11 |     3 ||    16
       Scroll            |       |     6 |     8 |     3 ||    17
 Stab: Sleeping          |       |       |     2 |       ||     2
       Distracted        |       |       |     1 |       ||     1
  Eat: Chunk             |     2 |     9 |    20 |    22 ||    53
Armor: Robe              |    31 |    39 |   100 |    50 ||   220
       Skin              |       |     2 |     3 |     3 ||     8
       Pearl dragon scal |       |       |       |    61 ||    61
Dodge: Dodged            |    53 |    83 |   181 |   190 ||   507
Block: Other             |       |       |    37 |    64 ||   101
